cohdb
Replays
Latest Replays
All Replays
Popular Replays
Top Player Replays
Match Explorer
How It Works
Community
CoH3 Stats
Reddit
Sign in to upload your games and track your stats! →
Sign in with Steam
Match 38874318
Unlisted
Match 38874318
Overview
Messages
Build Orders
End
Construct Barracks
Selects Armored Battlegroup
Selects Veteran Crews
Riflemen Squad
Riflemen Squad
1⁄4-ton 4x4 Truck
Selects Fast Deploy
Construct Weapon Support Center
Bazooka Squad
Air Support Center
Grenade Package
M1919 Machine Gun Team
Grasshopper Recon Run
M3 Armored Personnel Carrier
P-47 Strafing Run
Grasshopper Recon Run
P-47 Dive Bomb
M1918 Browning Automatic Rifles
A_Smoove
MightySwift
ProxxX
Dr.bogdanov
0
0
Comments
sign in to comment!
No comments posted yet!